 Dungeon Crawl Stone Soup version 0.27-a0-1090-gb115f176c6 (webtiles) character file.

Game seed: 1632489081226569244

15 scammafunk the Shield-Bearer (level 2, 0/24 HPs)
             Began as a Formicid Fighter on Apr 27, 2021.
             Was a Follower of Jiyva.
             Slain by Crazy Yiuf
             ... wielding a +3 quarterstaff of chaos
              (2 damage)
             ... on level 2 of the Dungeon.
             The game lasted 00:01:46 (1255 turns).

scammafunk the Shield-Bearer (Formicid Fighter)     Turns: 1255, Time: 00:01:46

Health: 0/24       AC:  6    Str: 20    XL:     2   Next: 65%
Magic:  0/2        EV:  8    Int:  7    God:    Jiyva [*.....]
Gold:   58         SH:  9    Dex: 10    Spells: 1/1 levels left

rFire    . . .     SeeInvis +   a - +0 war axe
rCold    . . .     Faith    .   c - +0 kite shield
rNeg     . . .     Spirit   .   b - +0 scale mail
rPois    .         Reflect  .   (helmet unavailable)
rElec    .         Harm     .   (no cloak)
rCorr    .         Rampage  .   (no gloves)
Will     .....                  (no boots)
Stlth    ..........             (no amulet)
HPRegen  0.08/turn              (no ring)
MPRegen  0.08/turn              (no ring)

@: no status effects
A: permanent stasis, dig shafts and tunnels, antennae 3, four strong arms
a: Dig, Shaft Self, Renounce Religion, Request Jelly


You were on level 2 of the Dungeon.
You worshipped Jiyva.
Jiyva was aware of your devotion.
You visited 1 branch of the dungeon, and saw 2 of its levels.

You collected 58 gold pieces.

Inventory:

Hand Weapons
 a - a +0 war axe (weapon)
Armour
 b - a +0 scale mail (worn)
 c - a +0 kite shield (worn)
Magical Staves
 j - a staff of cold
Jewellery
 k - a +6 ring of dexterity
 l - a ring of resist corrosion
Scrolls
 e - 2 scrolls of identify {unknown}
 f - a scroll of enchant armour {unknown}
 i - a scroll of fear {unknown}
 m - a scroll of amnesia {unknown}
Potions
 d - 4 potions of might
 g - a potion of lignification {unknown}
 h - 2 potions of resistance {unknown}
 n - a potion of brilliance {unknown}


   Skills:
 + Level 3.5 Fighting
 + Level 2.2 Axes
 + Level 3.5 Armour
 + Level 3.9 Shields


You had one spell level left.
You didn't know any spells.
Your spell library was empty.

Dungeon Overview and Level Annotations

Branches:
Dungeon (2/15)

Altars:
Jiyva

Annotations:
D:2 Crazy Yiuf


Innate Abilities, Weirdness & Mutations

You cannot be hasted, slowed, berserked, paralysed or teleported.
You can dig through walls and to a lower floor.
You have a pair of large antennae on your head. (SInv)
Your four strong arms can wield two-handed weapons with a shield.


Message History

A dart slug comes into view.
You slash the dart slug!
The dart slug is almost dead.
The dart slug launches a dart at you. The slug dart hits you.
You hit the dart slug.
The dart slug is almost dead.
You block the dart slug's attack.
You slash the dart slug!
You kill the dart slug!
You see here a dart slug corpse.
You sense a monster nearby.
You hear a distant slurping noise.
Found an escape hatch in the ceiling.
There is an escape hatch in the ceiling here.
Found a mace.
Found a runed translucent door.
Crazy Yiuf shouts!
Crazy Yiuf cries, "Walk!"
As you open the door, it creaks loudly!
You barely miss Crazy Yiuf.
Crazy Yiuf says, "I'm not crazy!"
You block Crazy Yiuf's attack. Crazy Yiuf barely misses you.
You completely miss Crazy Yiuf.
Crazy Yiuf says, "Liver tired rumpyflump!"
Crazy Yiuf hits you with a +3 quarterstaff of chaos!
Ouch! That really hurt!
You feel your power leaking away.
Your scale mail prevents you from hitting Crazy Yiuf.
You block Crazy Yiuf's attack.
Crazy Yiuf says, "Rifle tired unthinkable!"
You block Crazy Yiuf's attack.
You hit Crazy Yiuf but do no damage.
Crazy Yiuf screams, "Iron!"
Crazy Yiuf closely misses you.
You hit Crazy Yiuf.
Crazy Yiuf is moderately wounded.
Crazy Yiuf hits you with a +3 quarterstaff of chaos!
* * * LOW HITPOINT WARNING * * *
Crazy Yiuf freezes you.
You die...

#
#....#
#....#
♣....♣
♣...♣♣
♣♣.♣♣
♣.♣♣
♣♣.♣
♣.♣♣
♣♣@♣
#g# {
...
#...#
#..)#
#####


You could see Crazy Yiuf.

Vanquished Creatures
  A dart slug (D:2)
  2 giant cockroaches (D:1)
  2 goblins
  3 kobolds
  A ball python (D:2)
  A frilled lizard (D:1)
  2 rats (D:1)
12 creatures vanquished.

Vanquished Creatures (others)
  An adder (D:2)
  A dart slug (D:2)
  A ball python (D:2)
  A bat (D:2)
  An endoplasm (D:2)
  A goblin (D:2)
  A hobgoblin (D:2)
  A kobold (D:2)
  2 frilled lizards (D:2)
  2 rats (D:2)
12 creatures vanquished.

Grand Total: 24 creatures vanquished

Notes
Turn   | Place    | Note
-------+----------+-------------------------------------------
     0 | D:1      | scammafunk the Formicid Fighter began the quest for the
                  | Orb.
     0 | D:1      | Reached XP level 1. HP: 18/18 MP: 1/1
   498 | D:1      | Found a faded altar of an unknown god.
   506 | D:1      | Became a worshipper of Jiyva Jizobbav the Shapeless
   506 | D:1      | Reached * piety under Jiyva
   509 | D:1      | Reached XP level 2. HP: 24/24 MP: 2/2
  1246 | D:2      | Found a runed translucent door.
  1247 | D:2      | Noticed Crazy Yiuf
  1255 | D:2      | Slain by Crazy Yiuf

Illustrated notes

Levels and vault maps discovered:
D:1:      pf_arrival_petrified_forest, layout_basic,
          hellmonk_ecumenical_altar_run_dry
D:2:      minmay_recursive_quarters, layout_loops_ring, uniq_crazy_yiuf_cottage

Action                   || total
-------------------------++-------
Melee: War axe           ||    54
Armor: Scale mail        ||    21
Dodge: Dodged            ||    19
Block: Kite shield       ||    23

Table legend: (Time is in decaauts)
 A = Elapsed time spent in this place.
 B = Non-inter-level travel time spent in this place.
 C = Inter-level travel time spent in this place.
 D = Time resting spent in this place.
 E = Time spent auto-exploring this place.
 F = Levels seen in this place.
 G = Mean time per level.
                   A        B        C        D        E       F      G
               +--------+--------+--------+--------+--------+-----+--------+
         Total |   1285 |   1193 |     92 |      0 |    997 |   2 |  642.5 |
       Dungeon |   1285 |   1193 |     92 |      0 |    997 |   2 |  642.5 |
               +--------+--------+--------+--------+--------+-----+--------+

Top non-repeatable levels by time:
     D:1: 930 daAuts
     D:2: 354 daAuts
